 Dungeon Crawl Stone Soup version 0.21-a0-104-g7b58145 (webtiles) character file.

225530 4thArraOfDagon the Fencer (level 18, -9/124 HPs)
             Began as a Vampire Enchanter on July 5, 2017.
             Was a High Priest of Hepliaklqana.
             Shot with an arrow by a satyr (35 damage)
             ... on level 3 of the Shoals on July 6, 2017.
             The game lasted 02:14:19 (22824 turns).

4thArraOfDagon the Fencer (Vampire Enchanter)      Turns: 22824, Time: 02:14:20

Health: -9/124     AC: 11    Str: 13    XL:     18   Next: 62%
Magic:  19/19      EV: 25    Int: 22    God:    Hepliaklqana [*****.]
Gold:   2385       SH: 15    Dex: 19    Spells: 5/31 levels left

rFire    + . .     SeeInvis +   c - +9 demon blade (drain)
rCold    + . .     Gourm    .   O - +3 buckler of the Pure People {rC+}
rNeg     + + .     Faith    .   f - +2 troll leather armour {Snorg}
rPois    +         Spirit   .   x - +1 hat {MR+}
rElec    .         Reflect  +   U - scarf {cloud immunity}
rCorr    +         Harm     .   C - +0 pair of gloves of the Beggar {rN+ rCorr Str+4}
MR       ++...                  L - +2 pair of boots
Stlth    +.........             a - amulet "Rofetext" {Reflect rF+ rN+ MP-9 Dex+3 SH+6}
HPRegen  0.90/turn              z - +2 ring of slaying
MPRegen  0.16/turn              g - ring of poison resistance

@: about to teleport, mesmerised, regenerating quickly, glowing
A: reduced essence, fangs 3, see invisible, unbreathing
}: 1/15 runes: gossamer
a: Recall Ancestor, Ancestor Identity, Transference, Idealise, Renounce Religion


You were on level 3 of the Shoals.
You worshipped Hepliaklqana.
Hepliaklqana was extremely pleased with you.
You were very full.

You visited 6 branches of the dungeon, and saw 32 of its levels.
You also visited: Labyrinth and Trove.

You collected 3369 gold pieces.
You spent 984 gold pieces at shops.

Inventory:

Hand Weapons
 c - a +9 demon blade of draining (weapon)
 i - a +2 scimitar of flaming
 D - the +7 arbalest "Nitsuw" {penet, rC+ Dex+5}
   (You found it on level 3 of the Elven Halls)

   Ammo fired by it will pass through the targets it hits, potentially hitting
   all targets in its path until it reaches maximum range.
   It affects your dexterity (+5).
   It protects you from cold.
Missiles
 k - a throwing net (quivered)
Armour
 f - a +2 troll leather armour (worn) {Snorg}
 x - a +1 hat of magic resistance (worn)
 C - the +0 pair of gloves of the Beggar (worn) {rN+ rCorr Str+4}
   (You acquired it on level 3 of the Elven Halls)

   It affects your strength (+4).
   It protects you from negative energy.
   It protects you from acid and corrosion.
 L - a +2 pair of boots (worn)
 O - the +3 buckler of the Pure People (worn) {rC+}
   (You found it on level 8 of the Dungeon)

   It protects you from cold.
 U - a scarf of cloud immunity (worn)
Jewellery
 a - the amulet "Rofetext" (around neck) {Reflect rF+ rN+ MP-9 Dex+3 SH+6}
   (You found it in a treasure trove)

   [amulet of reflection]

   It shields you and reflects attacks.
   It affects your dexterity (+3).
   It protects you from fire.
   It protects you from negative energy.
   It affects your magic capacity (-9).
   It affects your SH (+6).
 b - an uncursed ring of wizardry
 g - a ring of poison resistance (right hand)
 m - an uncursed ring of resist corrosion
 o - an uncursed ring of positive energy
 v - an uncursed ring of flight
 y - an uncursed ring of protection from cold
 z - a +2 ring of slaying (left hand)
 H - an uncursed ring of protection from magic
 K - an uncursed ring of protection from fire
 W - an uncursed amulet of regeneration
Wands
 B - a wand of acid (4/15)
 E - a wand of digging (14/24)
 Q - a wand of clouds (4/9)
Scrolls
 h - 11 scrolls of teleportation
 l - 2 scrolls of fog
 q - 17 scrolls of remove curse
 r - 5 scrolls of identify
 s - 4 scrolls of immolation
 A - 5 scrolls of recharging
 G - 3 scrolls of noise
 J - 5 scrolls of blinking
Potions
 j - 5 potions of ambrosia
 n - 6 potions of curing
 p - 5 potions of heal wounds
 t - 5 potions of invisibility
 w - 3 potions of brilliance
 F - a potion of berserk rage
 I - 2 potions of agility
 M - 2 potions of resistance
 N - 4 potions of might
 R - a potion of cancellation
 X - 3 potions of flight
 Y - 17 potions of blood
 Z - 4 potions of mutation
Books
 e - a book of Enchantments

   Spells                             Type                      Level
   a - Cause Fear                     Hexes                        4
   b - Yara's Violent Unravelling     Hexes/Transmutation          5
   c - Silence                        Hexes/Air                    5
   d - Deflect Missiles               Charms/Air                   6
   e - Discord                        Hexes                        8
 S - a book of the Warp

   Spells                             Type                      Level
   a - Gell's Gravitas                Translocation                3
   b - Portal Projectile              Hexes/Translocation          3
   c - Force Lance                    Conjuration/Translocation    4
   d - Dispersal                      Translocation                6
   e - Controlled Blink               Translocation                8
   f - Disjunction                    Translocation                8
Miscellaneous
 d - a lamp of fire
 u - a phial of floods
 P - a sack of spiders
 T - a lightning rod (1/4)
 V - a box of beasts


   Skills:
 - Level 11.0 Fighting
   Level 5.0(14.4) Short Blades
 - Level 18.8(19.0) Long Blades
 - Level 16.0 Dodging
 - Level 4.4 Stealth
 - Level 4.6 Shields
 + Level 7.1 Spellcasting
 - Level 4.4 Hexes
 - Level 4.0 Charms
 - Level 3.6 Necromancy
 * Level 7.3 Transmutations
 * Level 7.0 Earth Magic
 - Level 13.0 Invocations
 - Level 5.0 Evocations


You had 5 spell levels left.
You knew the following spells:

 Your Spells              Type           Power        Failure   Level  Hunger
a - Blink                 Tloc           N/A          16%         2    None
b - Lee's Rapid Deconstr  Erth           #####.....   16%         5    #####..
c - Statue Form           Tmut/Erth      #####....    63%         6    ######.
d - Regeneration          Chrm/Necr      ###.......   6%          3    None
e - Spectral Weapon       Hex/Chrm       ####....     5%          3    None
f - Passwall              Tmut/Erth      #####.....   1%          2    None
g - Passage of Golubria   Tloc           N/A          71%         4    ###....
h - Apportation           Tloc           #.....       11%         1    None


Dungeon Overview and Level Annotations

Branches:
Dungeon (14/15)            Temple (0/1) D:4            Lair (6/6) D:8
 Shoals (3/4) Lair:2       Spider (4/4) Lair:2          Orc (2/2) D:9
    Elf (3/3) Orc:2
  Slime: Lair:5-6    Vaults: D:13-14

Altars:
Dithmenos
Fedhas
Hepliaklqana
Makhleb
Nemelex Xobeh
Vehumet
Yredelemnul
The Shining One
Beogh

Shops:
D:11 [   Orc:2 [*((   Elf:1 ?

Annotations:
D:6 Menkaure
D:8 1 runed door
Lair:5 exclusion: 2 oklob plants
Shoals:3 Bai Suzhen, Mara
Elf:1 Nikola


Innate Abilities, Weirdness & Mutations

Your natural rate of healing is unusually fast.
You have razor-sharp teeth.
You have supernaturally acute eyesight. (SInv)
You can survive without breathing.
Your life essence is reduced to manifest your ancestor. (-10% HP)


Message History

The merfolk siren chants its luring song.
The faun completely misses you.
The eight-headed hydra bites you but does no damage.
You block the eight-headed hydra's attack.
The eight-headed hydra bites you!
* * * LOW HITPOINT WARNING * * *
The eight-headed hydra closely misses you.
The eight-headed hydra misses you.
You block the eight-headed hydra's attack.
The eight-headed hydra completely misses you.
You block the eight-headed hydra's attack.
Zarja barely misses the faun.
Zarja barely misses Bai Suzhen.
Zarja hits the eight-headed hydra with a broad axe of flaming.
Zarja burns the eight-headed hydra.
Unknown command.
Unknown command.
You closely miss the satyr.
The satyr is almost dead.
The satyr shoots an arrow.
The arrow hits you!!
You die...

≈≈≈≈≈.....≈≈≈..........≈......P..
............≈≈≈..(....≈≈..#......
......≈.....≈≈≈..........###..#..
.........##.≈≈≈..≈≈.....####≈≈..P
####....## #.≈.>≈≈≈...####..≈≈≈≈.
###..≈≈.####≈≈m..≈≈..## #<...≈≈≈
#...........≈≈≈≈≈≈≈..## ##....≈≈≈
.....≈...≈≈≈≈≈≈ccc≈≈..# #..#..≈≈≈
...≈≈.≈≈≈≈≈≈≈≈≈.@Dc≈D(###.##.≈≈≈≈
≈≈≈≈≈≈≈≈≈(≈..≈≈.##dR.###....≈≈≈≈≈
≈≈≈≈≈≈≈≈≈≈≈≈≈....(...##...≈≈≈≈≈≈≈
≈≈≈≈≈≈≈≈.≈≈≈≈≈≈...##.......≈≈≈≈≈≈
≈≈≈≈≈.......)≈≈..(........≈≈≈≈≈≈≈
≈≈≈≈≈...###(..≈..≈≈.....≈≈≈≈≈≈≈≈≈
≈≈≈≈≈...# #...≈≈≈≈≈≈d..≈≈≈≈≈≈≈≈≈≈
≈≈≈≈≈...# #..≈≈≈≈≈≈≈≈≈≈≈≈≈≈≈≈≈≈≈≈
≈≈≈≈≈.... #..≈≈≈≈≈.d≈≈≈≈≈≈≈≈≈≈≈≈≈


You could see the friendly Zarja the knight, Bai Suzhen, 2 eight-headed hydras,
a satyr, 3 fauns and a merfolk siren.

Vanquished Creatures
  Jorgrun (Spider:2)
  A deep elf blademaster (Elf:3)
  2 deep elf master archers (Elf:3)
  Gastronok (Lair:1)
  2 ghost moths
  6 deep elf sorcerers (Elf:3)
  An orc warlord (Elf:3)
  7 emperor scorpions
  5 deep elf elementalists
  4 entropy weavers
  A deep elf demonologist (Elf:3)
  Azrael (Spider:2)
  5 deep elf annihilators (Elf:3)
  The ghost of TotoDurand the Geomancer, a journeyman NaEE of Vehumet (Lair:1)
  Snorg (Orc:2)
  2 deep elf death magi
  3 deep elf high priests (Elf:3)
  A minotaur (Lab)
  The ghost of nubinia the Zephyrmancer, a journeyman TeVM of Sif Muna (Lair:3)
  3 catoblepae
  A centaur warrior (D:12)
  6 hydras
  2 merfolk avatars (Shoals:1)
  6 two-headed ogres (Orc:2)
  2 merfolk aquamancers
  A satyr (Shoals:3)
  A tengu warrior (D:13)
  7 death yaks
  9 dancing weapons
  4 orc high priests (Elf:3)
  18 deep elf knights
  2 deep trolls (Orc:2)
  An unseen horror (D:11)
  13 deep elf archers
  2 sea snakes
  A necromancer (Elf:1)
  A wolf spider zombie (D:13)
  6 orc knights (Elf:3)
  7 orb spiders
  26 deep elf magi
  6 fauns
  14 wolf spiders
  2 orc sorcerers
  5 manticores
  3 moths of wrath
  5 elephants
  An ugly thing (D:9)
  A cyclops (Orc:2)
  Maurice (D:8)
  3 water nymphs
  5 black mambas
  2 merfolk sirens (Shoals:1)
  A gargoyle (D:13)
  2 centaur zombies
  A rime drake (Lair:2)
  5 spiny frogs
  14 demonic crawlers
  6 komodo dragons
  2 hornets
  11 trolls
  5 merfolk
  19 jumping spiders
  4 wind drakes
  5 hippogriffs
  4 snapping turtles (Shoals:1)
  2 slime creatures (D:11)
  4 blink frogs (Lair:3)
  60 redbacks
  An air elemental (Elf:2)
  2 water elementals
  2 fire elementals
  31 yaks
  18 tarantellas
  2 wyverns
  A basilisk (Lair:1)
  2 hungry ghosts
  4 vampire mosquitoes (D:12)
  A warg (Orc:2)
  A large abomination (Elf:1)
  3 hell hounds (Spider:2)
  5 porcupines
  10 water moccasins
  14 orc warriors
  8 ice beasts
  A phantom (D:11)
  A necrophage (D:9)
  13 ogres
  12 wolves
  An elf zombie (Elf:1)
  4 crocodiles
  10 centaurs
  2 big kobolds
  8 bullfrogs
  An earth elemental (Elf:2)
  A scorpion (D:12)
  A knight (Lair:6)
  6 killer bees
  A howler monkey (D:11)
  3 crimson imps
  2 bullfrog zombies
  A quasit (D:12)
  4 hounds
  11 orc priests
  4 jellies
  10 orc wizards
  2 bullfrog skeletons
  Natasha (twice) (D:4)
  An iguana (D:7)
  2 worker ants
  A bullfrog simulacrum (D:13)
  2 hound skeletons (D:5)
  6 gnolls
  A howler monkey skeleton (D:10)
  7 adders
  2 oozes
  An adder skeleton (D:4)
  A dart slug (D:1)
  45 orcs
  3 giant cockroaches
  6 goblins
  8 hobgoblins
  7 jackals
  17 kobolds
  2 ball pythons
  2 bats
  3 frilled lizards
  A kobold skeleton (D:8)
  2 leopard gecko zombies (D:5)
  5 rats
  A fungus (Lair:6)
  2 plants
692 creatures vanquished.

Vanquished Creatures (collateral kills)
  Roxanne (Spider:3)
  2 ghost moths (Spider:4)
  2 emperor scorpions (Spider:4)
  A deep elf elementalist (Elf:3)
  An entropy weaver (Spider:3)
  A deep elf annihilator (Elf:3)
  2 spark wasps
  2 deep elf death magi (Elf:3)
  2 hydras
  A centaur warrior (D:13)
  A catoblepas (Lair:6)
  2 ogre magi (Orc:2)
  7 death yaks
  2 two-headed ogres (Orc:2)
  A dancing weapon (Elf:1)
  An orc high priest (Elf:3)
  4 deep elf knights
  2 sea snakes
  2 large abominations (Elf:1)
  An orc sorcerer (Orc:2)
  9 wolf spiders
  2 ugly things
  5 fauns
  A cyclops (Orc:2)
  2 orc knights
  5 orb spiders
  7 deep elf magi
  3 manticores
  3 elephants
  A merfolk siren (Shoals:1)
  A black mamba (Lair:5)
  A centaur skeleton (D:13)
  A rime drake (Lair:3)
  A demonic crawler (Spider:4)
  2 komodo dragons
  2 trolls (Orc:2)
  5 jumping spiders
  3 blink frogs (Lair:3)
  A hornet (D:9)
  A merfolk (Shoals:1)
  3 slime creatures (D:11)
  3 hippogriffs
  16 redbacks
  5 tarantellas
  5 water elementals
  A shadow (D:13)
  16 yaks
  A warg (Orc:1)
  2 vampire mosquitoes (D:12)
  2 hell hounds (Spider:2)
  2 water moccasins
  A porcupine (Lair:5)
  2 sky beasts
  8 orc warriors
  A phantom (D:12)
  8 ice beasts
  13 ogres
  5 wolves
  2 crocodiles (Lair:3)
  2 big kobolds
  4 bullfrogs
  A scorpion (D:10)
  2 killer bees (D:10)
  2 howler monkeys (D:11)
  A crimson imp (D:13)
  2 bullfrog zombies (D:11)
  3 jellies
  Crazy Yiuf (D:2)
  4 hounds
  4 orc priests
  A bullfrog skeleton (D:12)
  2 iguanas (D:9)
  2 worker ants
  Natasha (D:5)
  5 orc wizards
  4 hell rats (Lair:2)
  A gnoll (D:5)
  A howler monkey skeleton (D:8)
  2 shadow imps
  A white imp (D:13)
  A worm (D:4)
  A leopard gecko (D:3)
  18 orcs
  A bat (D:3)
  2 jackals
  6 kobolds
  2 quokkas
  3 fungi
  5 plants
275 creatures vanquished.

Vanquished Creatures (others)
  Arachne (Spider:4)
  A deep elf master archer (Elf:3)
  A deep elf knight (Elf:2)
  A merfolk siren (Shoals:2)
  A redback (Spider:2)
  12 knights
  2 ancestors
  A bush (Lair:6)
  8 fungi
  31 plants
59 creatures vanquished.

Grand Total: 1026 creatures vanquished

Notes
Turn   | Place    | Note
-------+----------+-------------------------------------------
     0 | D:1      | 4thArraOfDagon the Vampire Enchanter began the quest for the Orb.
     0 | D:1      | Reached XP level 1. HP: 13/13 MP: 3/3
    52 | D:1      | Reached skill level 1 in Fighting
    91 | D:2      | Reached XP level 2. HP: 21/21 MP: 5/5
   147 | D:2      | You fall through a shaft for 2 floors!
   169 | D:4      | Learned a level 2 spell: Ensorcelled Hibernation
   185 | D:4      | Noticed Natasha
   193 | D:4      | Killed Natasha
   193 | D:4      | Reached XP level 3. HP: 6/28 MP: 6/6
   246 | D:5      | Entered Level 5 of the Dungeon
   253 | D:6      | Noticed a centaur
   259 | D:6      | Noticed Menkaure
   290 | D:6      | Noticed a water moccasin
   300 | D:6      | Learned a level 3 spell: Confuse
   412 | D:6      | Noticed a bullfrog
   431 | D:6      | Killed a bullfrog
   431 | D:6      | Reached XP level 4. HP: 10/37 MP: 1/7
   519 | D:6      | Noticed a centaur
   530 | D:6      | Killed a centaur
   530 | D:6      | Reached XP level 5. HP: 17/42 MP: 8/8
   603 | D:6      | Found a shadowy altar of Dithmenos.
   617 | D:7      | Found a hazy altar of Hepliaklqana.
   617 | D:7      | Noticed a black bear
   636 | D:7      | Became a worshipper of Hepliaklqana the Forgotten
   698 | D:6      | Found a sparkling altar of Nemelex Xobeh.
   850 | D:7      | Found a shadowy altar of Dithmenos.
   918 | D:7      | Noticed an ogre
  1024 | D:7      | Noticed a centaur
  1030 | D:7      | Reached XP level 6. HP: 33/43 MP: 9/9
  1041 | D:7      | Reached skill level 5 in Short Blades
  1153 | D:7      | murphy: thaneod got his first rune
  1233 | D:8      | 4thArraOfDagon: :o
  1233 | D:8      | 4thArraOfDagon: now?
  1233 | D:8      | murphy: yes
  1233 | D:8      | murphy: just some min ago
  1233 | D:8      | VajrapaniSR: btw 4tharra, i've been trying to speedrun as well
  1233 | D:8      | VajrapaniSR: it's hard as hell
  1233 | D:8      | VajrapaniSR: especially when you do lair branches
  1233 | D:8      | 4thArraOfDagon: happy for than bro ^^
  1233 | D:8      | 4thArraOfDagon: vajra, yeah, speedrunning is hardest in the early game
  1291 | D:6      | Noticed an orc warrior
  1304 | D:6      | Killed an orc warrior
  1304 | D:6      | Reached XP level 7. HP: 40/48 MP: 1/10
  1322 | D:6      | Reached skill level 5 in Dodging
  1496 | D:5      | Reached skill level 1 in Long Blades
  1518 | D:5      | Reached * piety under Hepliaklqana
  1551 | D:5      | Found a blossoming altar of Fedhas.
  1676 | D:5      | Reached skill level 2 in Long Blades
  1724 | D:5      | 4thArraOfDagon: murphy
  1724 | D:5      | murphy: yes?
  1724 | D:5      | 4thArraOfDagon: I've heard you've help him in
  1724 | D:5      | 4thArraOfDagon: showed him some videos or something? At least thats what he refers to
  1725 | D:5      | murphy: yes kinda
  1735 | D:5      | 4thArraOfDagon: looks like it pays off :)
  1840 | D:5      | Found a glowing golden altar of the Shining One.
  1874 | D:4      | murphy: he is also watching other players
  1920 | D:3      | Reached skill level 3 in Long Blades
  2004 | D:3      | Found a burning altar of Makhleb.
  2004 | D:3      | Noticed a balrug
  2045 | D:2      | Found a runed door.
  2049 | D:2      | Noticed Crazy Yiuf
  2067 | D:2      | Killed Crazy Yiuf
  2246 | D:1      | Reached ** piety under Hepliaklqana
  2247 | D:1      | Remembered your ancestor Zarja as a knight
  2659 | D:1      | Reached XP level 8. HP: 50/54 MP: 11/11
  3104 | D:4      | Noticed Natasha
  3109 | D:4      | Killed Natasha
  3109 | D:4      | Reached skill level 4 in Long Blades
  3213 | D:4      | Found a staircase to the Ecumenical Temple.
  3264 | D:5      | Noticed Natasha
  3267 | D:5      | Killed Natasha
  3373 | D:6      | Reached skill level 5 in Long Blades
  3373 | D:6      | Reached skill level 1 in Evocations
  3544 | D:7      | Reached skill level 1 in Invocations
  3645 | D:8      | Got a warped buckler
  3653 | D:8      | Identified the +3 buckler of the Pure People {rC+} (You found it on level 8 of the Dungeon)
  3842 | D:8      | Noticed Maurice
  3985 | D:8      | Reached skill level 1 in Shields
  4058 | D:8      | Found a staircase to the Lair.
  4089 | D:8      | Found a runed door.
  4092 | D:8      | Found a basalt altar of Yredelemnul.
  4195 | D:8      | Reached XP level 9. HP: 58/58 MP: 12/12
  4196 | D:8      | Killed Maurice
  4196 | D:8      | Reached skill level 6 in Long Blades
  4277 | D:9      | Reached *** piety under Hepliaklqana
  4316 | D:9      | Found a staircase to the Orcish Mines.
  4560 | D:10     | Entered Level 10 of the Dungeon
  4739 | D:10     | Reached skill level 7 in Long Blades
  4816 | D:10     | Found a portal to a secret trove of treasure.
  4893 | D:9      | Noticed a white ugly thing
  4904 | D:9      | Killed a white ugly thing
  4904 | D:9      | Reached XP level 10. HP: 41/63 MP: 13/13
  5095 | D:10     | You fall through a shaft for 3 floors!
  5097 | D:13     | :/
  5110 | D:13     | Found a labyrinth entrance.
  5123 | Lab      | Entered a labyrinth
  5188 | Lab      | Reached skill level 5 in Evocations
  5481 | Lab      | Noticed a minotaur
  5505 | Lab      | Killed a minotaur
  5505 | Lab      | Reached skill level 8 in Long Blades
  5530 | Lab      | VajrapaniSR: got some excellent loot in labyrinth huh
  5530 | Lab      | VajrapaniSR: is this some alternate universe
  5540 | Lab      | Got an ancient demon whip
  5540 | Lab      | Got an ebony great mace
  5558 | D:13     | Identified the +6 demon whip of Qautokko {slash, rElec MP+9 SInv} (You found it in a labyrinth)
  5587 | D:13     | Noticed a tengu warrior
  5624 | D:13     | Killed a tengu warrior
  5625 | D:13     | Reached skill level 9 in Long Blades
  5630 | D:13     | Identified the +5 great mace "Qiala" {holy, rPois} (You found it in a labyrinth)
  5753 | D:13     | Noticed a cyclops
  5763 | D:13     | Reached skill level 5 in Fighting
  5775 | D:13     | Noticed a gargoyle
  5787 | D:13     | Killed a gargoyle
  5787 | D:13     | Reached XP level 11. HP: 45/71 MP: 14/14
  5796 | D:13     | Reached **** piety under Hepliaklqana
  6035 | D:12     | Reached skill level 5 in Invocations
  6086 | D:11     | Noticed a green ugly thing
  6108 | D:11     | Killed a green ugly thing
  6219 | D:11     | Found Fisyblurph's Armour Shoppe.
  6396 | D:11     | Reached skill level 10 in Long Blades
  6444 | D:12     | Found a radiant altar of Vehumet.
  6474 | D:12     | Noticed a five-headed hydra
  6486 | D:12     | Killed a five-headed hydra
  6620 | D:14     | Learned a level 3 spell: Regeneration
  6624 | D:14     | Learned a level 3 spell: Spectral Weapon
  6632 | D:14     | Noticed a centaur warrior
  6660 | D:14     | Noticed an eight-headed hydra
  6726 | D:13     | Noticed a centaur warrior
  6787 | D:13     | Killed a centaur warrior
  7200 | D:13     | Noticed a cyan ugly thing
  7244 | D:12     | Noticed a six-headed hydra
  7248 | D:12     | Noticed a centaur warrior
  7474 | D:12     | Noticed a purple ugly thing
  7487 | D:12     | Killed a purple ugly thing
  7487 | D:12     | Reached skill level 11 in Long Blades
  7517 | D:12     | Killed a centaur warrior
  7517 | D:12     | Reached skill level 10 in Dodging
  7517 | D:12     | Reached XP level 12. HP: 76/80 MP: 16/16
  8103 | Orc:1    | Entered Level 1 of the Orcish Mines
  8288 | Orc:2    | Entered Level 2 of the Orcish Mines
  8288 | Orc:2    | Noticed Snorg
  8381 | Orc:2    | Paralysed by an orc sorcerer for 5 turns
  8408 | Orc:2    | Killed Snorg
  8517 | Orc:2    | Reached skill level 12 in Long Blades
  8576 | Orc:2    | Found Besiczur's General Store.
  8605 | Orc:2    | Noticed a two-headed ogre
  8621 | Orc:2    | Killed a two-headed ogre
  8642 | Orc:2    | Noticed an ogre mage
  8675 | Orc:2    | Killed an ogre mage
  8676 | Orc:2    | Noticed a two-headed ogre
  8684 | Orc:2    | Killed a two-headed ogre
  8705 | Orc:2    | Noticed a two-headed ogre
  8773 | Orc:2    | Killed a two-headed ogre
  8810 | Orc:2    | Noticed a two-headed ogre
  8811 | Orc:2    | Noticed a two-headed ogre
  8817 | Orc:2    | Noticed a two-headed ogre
  8850 | Orc:2    | Killed a two-headed ogre
  8903 | Orc:2    | Killed a two-headed ogre
  8915 | Orc:2    | Killed a two-headed ogre
  8980 | Orc:2    | Reached XP level 13. HP: 65/88 MP: 18/18
  9091 | Orc:2    | Found Seocaukh's Weapon Shoppe.
  9093 | Orc:2    | Found Huoham's Armour Boutique.
  9235 | Orc:2    | Reached skill level 13 in Long Blades
  9409 | Orc:2    | Found Baanat's Weapon Emporium.
  9471 | Orc:2    | Found a staircase to the Elven Halls.
  9662 | Lair:1   | Entered Level 1 of the Lair of Beasts
 10099 | Lair:2   | Found a hole to the Spider Nest.
 10133 | Lair:3   | Noticed nubinia's ghost (journeyman TeVM)
 10152 | Lair:3   | Killed nubinia's ghost
 10401 | Lair:3   | Got a colourful robe
 10718 | Lair:4   | Reached ***** piety under Hepliaklqana
 11004 | Lair:4   | Reached skill level 14 in Long Blades
 11285 | Lair:6   | Entered Level 6 of the Lair of Beasts
 11369 | Lair:6   | Reached XP level 14. HP: 88/97 MP: 18/20
 12520 | Lair:6   | Reached skill level 15 in Long Blades
 12992 | D:10     | You paid a toll of 6 potions of haste to enter a treasure trove
 12993 | Trove    | Entered a treasure trove
 13001 | Trove    | Got a clouded jade ring
 13006 | Trove    | Identified the Guide on Boosting Flight
 13017 | Trove    | Identified the amulet "Rofetext" {Reflect rF+ rN+ MP-9 Dex+3 SH+6} (You found it in a treasure trove)
 13027 | Trove    | Identified the ring of the Trilobite {*Tele rC+ Str+3} (You found it in a treasure trove)
 13044 | Trove    | Got a sparkling zirconium amulet
 13046 | Trove    | Identified the amulet of the Eleven Hells {Spirit Str+5} (You found it in a treasure trove)
 13369 | Elf:1    | Entered Level 1 of the Elven Halls
 13383 | Elf:1    | Reached skill level 10 in Fighting
 13557 | Elf:1    | Noticed Nikola
 13601 | Elf:1    | Reached skill level 10 in Invocations
 13797 | Elf:3    | Entered Level 3 of the Elven Halls
 13822 | Elf:2    | Reached XP level 15. HP: 103/103 MP: 13/22
 13919 | Elf:2    | Reached skill level 16 in Long Blades
 13989 | Elf:1    | Found Wavesoxi's Magic Scroll Emporium.
 14006 | Elf:1    | Bought a scroll of teleportation for 48 gold pieces
 14006 | Elf:1    | Bought a scroll of blinking for 120 gold pieces
 14006 | Elf:1    | Bought a scroll of enchant weapon for 120 gold pieces
 14006 | Elf:1    | Bought a scroll of enchant weapon for 120 gold pieces
 14079 | Elf:1    | Identified the Almanac of Black Rites
 14278 | Elf:1    | Bought 3 scrolls of recharging for 456 gold pieces
 14278 | Elf:1    | Bought a scroll of enchant armour for 120 gold pieces
 14758 | Elf:3    | Learned a level 2 spell: Passwall
 15105 | Elf:3    | Found a roughly hewn altar of Beogh.
 15105 | Elf:3    | Noticed an orc warlord
 15140 | Elf:3    | Killed an orc warlord
 15140 | Elf:3    | Reached skill level 17 in Long Blades
 15372 | Elf:3    | Noticed a deep elf sorcerer
 15391 | Elf:3    | Killed a deep elf sorcerer
 15401 | Elf:3    | Noticed a deep elf sorcerer
 15419 | Elf:3    | Killed a deep elf sorcerer
 15448 | Elf:3    | Noticed a deep elf sorcerer
 15470 | Elf:3    | Killed a deep elf sorcerer
 15470 | Elf:3    | Reached XP level 16. HP: 109/109 MP: 15/24
 16365 | Elf:3    | Reached skill level 18 in Long Blades
 16437 | Elf:3    | :O
 16462 | Elf:3    | Reached skill level 15 in Dodging
 16592 | Elf:3    | Noticed a deep elf master archer
 16620 | Elf:3    | Killed a deep elf master archer
 16734 | Elf:3    | Noticed a deep elf blademaster
 16745 | Elf:3    | :O
 16770 | Elf:3    | Killed a deep elf blademaster
 16888 | Elf:3    | Noticed a deep elf master archer
 16935 | Elf:3    | Killed a deep elf master archer
 16962 | Elf:3    | Noticed a deep elf master archer
 16972 | Elf:3    | Killed a deep elf master archer
 17307 | Elf:3    | Learned a level 4 spell: Passage of Golubria
 17315 | Elf:3    | Identified the Tome of Dusty Companions
 17316 | Elf:3    | Identified Vauplues's Thorough Guide to Thaumaturgy
 17317 | Elf:3    | Identified the Compendium of Lucky Enchantment
 17318 | Elf:3    | Identified Hecrui's Handbook of Icy Enhancements
 17333 | Elf:3    | Identified the +1 robe of Compression {Str+2 Dex+4} (You found it on level 3 of the Lair of Beasts)
 17360 | Elf:3    | Identified a scroll of acquirement
 17361 | Elf:3    | Got a pair of jewelled gloves
 17372 | Elf:3    | Identified the +0 pair of gloves of the Beggar {rN+ rCorr Str+4} (You acquired it on level 3 of the Elven Halls)
 17373 | Elf:3    | Got a polished arbalest
 17381 | Elf:3    | Learned a level 2 spell: Blink
 17387 | Elf:3    | Learned a level 5 spell: Lee's Rapid Deconstruction
 17516 | Elf:1    | Identified the +7 arbalest "Nitsuw" {penet, rC+ Dex+5} (You found it on level 3 of the Elven Halls)
 17808 | Lair:1   | Noticed TotoDurand's ghost (journeyman NaEE)
 17830 | Lair:1   | Killed TotoDurand's ghost
 17897 | Lair:1   | Noticed Gastronok
 17907 | Lair:1   | Killed Gastronok
 18094 | Spider:1 | Entered Level 1 of the Spider Nest
 18151 | Spider:1 | Reached XP level 17. HP: 111/115 MP: 17/26
 18468 | Spider:1 | Reached skill level 1 in Charms
 18518 | Spider:1 | Reached skill level 1 in Necromancy
 18732 | Spider:2 | Noticed Jorgrun
 18739 | Spider:2 | Killed Jorgrun
 19012 | Spider:3 | Noticed Roxanne
 19218 | Spider:3 | Killed Roxanne
 19219 | Spider:3 | Identified Roxanne's Disquisition on Transmutation (You took it off Roxanne on level 3 of the Spider Nest)
 19233 | Spider:2 | Noticed Azrael
 19651 | Spider:4 | Entered Level 4 of the Spider Nest
 19981 | Spider:4 | Reached skill level 5 in Spellcasting
 19990 | Spider:4 | Learned a level 6 spell: Statue Form
 20049 | Spider:4 | Noticed Arachne
 20061 | Spider:4 | Killed Arachne
 20061 | Spider:4 | Reached skill level 1 in Transmutations
 20061 | Spider:4 | Reached skill level 1 in Earth Magic
 20231 | Spider:4 | Reached XP level 18. HP: 112/124 MP: 18/27
 20573 | Spider:4 | Reached skill level 5 in Transmutations
 20582 | Spider:4 | Got a gossamer rune of Zot
 20699 | Spider:2 | Killed Azrael
 21377 | Lair:2   | Reached skill level 5 in Earth Magic
 21383 | Lair:2   | Found a staircase to the Shoals.
 21440 | Lair:2   | Identified the +5 great sword "Death Rattle" {pain, rC+ rN+ Str-5} (You found it on level 2 of the Lair of Beasts)
 21483 | Shoals:1 | Entered Level 1 of the Shoals
 21757 | Shoals:1 | Found a runed door.
 22415 | Shoals:3 | Noticed Bai Suzhen
 22471 | Shoals:3 | Learned a level 1 spell: Apportation
 22658 | Shoals:3 | Noticed Mara
 22661 | Shoals:3 | Noticed 4thArraOfDagon's illusion
 22824 | Shoals:3 | Shot with an arrow by a satyr

Vault maps used:
D:1:      matt_arrival_spirals, kennysheep_pointless_box, hex_tiny,
          nemelex_diamond_rough_becter
D:2:      evilmike_ruin_ashenzari, first_bread, uniq_crazy_yiuf_cottage
D:3:      makhleb_altar_promises_db
D:4:      temple_fountains, uniq_natasha
D:5:      kennysheep_mini_moat, tso_altar
D:6:      lemuel_upstairs_altar, good_gods_temple_1, kennysheep_mini,
          uniq_menkaure
D:7:      basic_altar, grunt_ogre_cave, minmay_misc_feat_chi,
          grunt_dithmenos_smoke_and_mirrors
D:8:      lemuel_coloured_pillars_altar, lair_entry_dummy,
          dk_yredelemnul_ordeal, uniq_maurice
D:9:      david_orc_2, minmay_bent
D:10:     enter_trove_3, serial_bayou_lake_a
D:11:     serial_shops, shop, minmay_misc_feat_alley
D:12:     basic_altar
D:13:     lab_entry_generic, serial_ice, serial_ice_h, serial_ice_g,
          serial_ice_f, serial_ice_j, portal_ice_cave_entry_ice_beasts,
          uniq_nessos
D:14:     lightli_vaults_fourway_checkpoint, nrook_mini_vaults
Lair:1:   grunt_megastairs_2, uniq_gastronok
Lair:2:   elwin_shoals_entry_rocks, dummy_spider_entry, grunt_megastairs_4,
          serial_bayou_shore_a
Lair:4:   wad_woods_river_01
Lair:5:   slime_altar_2, minmay_lair_oklob_chamber
Lair:6:   evilmike_catoblepas_cave
Shoals:1: lightli_airlock
Shoals:2: nicolae_shoals_kraken_intersection
Shoals:3: uniq_polyphemus, uniq_bai_suzhen, uniq_mara
Spider:1: spider_trap
Spider:2: uniq_jorgrun, uniq_azrael
Spider:3: uniq_roxanne
Spider:4: grunt_spider_rune_circles, uniq_arachne
Orc:2:    st_orc_open, uniq_snorg
Elf:1:    elf_arrival_001, serial_shops, shop_statue, minmay_elf_necromancy,
          uniq_nikola, uniq_aizul
Elf:3:    minmay_elf_hall_statues, special_room, nicolae_elf_stair_hall
Lab:      labyrinth_hidden_loot, nicolae_lab_checkerboard, nicolae_lab_garden,
          labyrinth_skeletal_remains, labyrinth_glass_1
Trove:    trove_simple

Skill      XL: |  1  2  3  4  5  6  7  8  9 10 11 12 13 14 15 16 17 18 |
---------------+-------------------------------------------------------+-----
Fighting       | 1 2 4 5 6 8 9 10 11 | 11.0
Short Blades   | 3 4 5 |  5.0
Dodging        | 4 5 6 7 8 10 11 12 13 14 15 16 | 16.0
Long Blades    | 3 5 7 9 11 12 14 15 17 18 | 18.8
Evocations     | 2 4 5 |  5.0
Invocations    | 1 3 4 6 7 9 10 11 12 13 | 13.0
Shields        | 1 4 |  4.6
Charms         | 4 |  4.0
Necromancy     | 3 |  3.6
Spellcasting   | 5 7 |  7.1
Transmutations | 3 7 |  7.3
Earth Magic    | 2 7 |  7.0
Stealth        | |  4.4
Hexes          | |  4.4

Action                   |  1- 3 |  4- 6 |  7- 9 | 10-12 | 13-15 | 16-18 || total
-------------------------+-------+-------+-------+-------+-------+-------++-------
Melee: Dagger            |    11 |       |    44 |       |       |       ||    55
       Bite              |     3 |     6 |    44 |    81 |   185 |   199 ||   518
       Rapier            |    34 |    68 |   113 |       |       |       ||   215
       Long sword        |       |       |   266 |   790 |   944 |       ||  2000
       Demon blade       |       |       |       |       |   529 |  1322 ||  1851
       Demon whip        |       |       |       |       |    44 |       ||    44
Throw: Throwing net      |       |     1 |       |     1 |     2 |     6 ||    10
 Cast: Ensorcelled Hiber |     1 |     6 |     8 |       |       |       ||    15
       Corona            |     1 |       |       |       |       |       ||     1
       Confuse           |       |     5 |     5 |       |       |       ||    10
       Regeneration      |       |       |       |       |       |    11 ||    11
Invok: Recall Ancestor   |       |       |     1 |     8 |     8 |    10 ||    27
       Ancestor Life: Kn |       |       |     1 |       |       |       ||     1
       Idealise          |       |       |       |     2 |    14 |     2 ||    18
 Abil: Evoke Berserk Rag |       |       |     1 |       |       |       ||     1
Evoke: Wand              |       |       |       |     8 |     8 |     2 ||    18
       Lightning rod     |       |       |       |     4 |     3 |       ||     7
  Use: Scroll            |     4 |     1 |     4 |    17 |    18 |    18 ||    62
       Potion            |     2 |       |     5 |    12 |    11 |    23 ||    53
 Stab: Sleeping          |     9 |     9 |     9 |     2 |     3 |     6 ||    38
       Confused          |       |     1 |       |       |    10 |       ||    11
       Distracted        |       |       |     3 |    10 |    13 |    13 ||    39
       Held in net/web   |       |       |       |       |       |     3 ||     3
       Petrified         |       |       |       |       |       |     3 ||     3
  Eat: Corpse            |     5 |     6 |    13 |    12 |    22 |    16 ||    74
Armor: Robe              |     2 |    15 |       |       |       |       ||    17
       Skin              |     9 |       |       |    17 |       |       ||    26
       Ring mail         |       |     2 |   183 |   216 |       |       ||   401
       Troll leather arm |       |       |       |    41 |   317 |   118 ||   476
Dodge: Dodged            |    22 |    50 |   236 |   398 |   732 |   690 ||  2128
Block: Buckler           |       |       |    82 |   293 |   491 |   695 ||  1561
       Reflection        |       |       |       |       |    15 |    32 ||    47
       Rpst.: Long sword |       |       |    40 |   104 |   153 |       ||   297
       Demon blade       |       |       |       |       |    19 |   110 ||   129
